 Dungeon Crawl Stone Soup version 0.27-a0-54-g64bdb92e38 (webtiles) character file.

Game seed: 14076340659253656722

1765 robertstho the Bolt Thrower (level 9, -7/55 HPs)
             Began as a Kobold Hunter on Jan 7, 2021.
             Was a Follower of Okawaru.
             Killed by nerve-wracking pain
             ... invoked by Menkaure
              (14 damage)
             ... on level 6 of the Dungeon.
             The game lasted 00:11:40 (8518 turns).

robertstho the Bolt Thrower (Kobold Hunter)         Turns: 8518, Time: 00:11:40

Health: -7/55      AC: 10    Str: 10    XL:     9   Next: 28%
Magic:  10/10      EV:  8    Int: 12    God:    Okawaru [*.....]
Gold:   320        SH:  0    Dex: 18    Spells: 8/8 levels left

rFire    . . .     SeeInvis +   q - +0 hand axe (drain)
rCold    . . .     Faith    .   (shield restricted)
rNeg     . . .     Spirit   .   j - +0 chain mail
rPois    +         Reflect  +   n - +0 helmet
rElec    .         Harm     .   (no cloak)
rCorr    .         Rampage  .   (no gloves)
Will     .....                  (no boots)
Stlth    ..........             p - amulet of reflection
HPRegen  0.18/turn              h - ring of see invisible
MPRegen  0.12/turn              l - ring of poison resistance

@: confused
A: small, nightstalker 3
a: Renounce Religion, Heroism


You were on level 6 of the Dungeon.
You worshipped Okawaru.
Okawaru was aware of your devotion.
You visited 2 branches of the dungeon, and saw 7 of its levels.

You collected 320 gold pieces.

Inventory:

Hand Weapons
 a - a +1 hand crossbow
 b - a +0 short sword
 i - a +0 long sword
 q - a +0 hand axe of draining (weapon)
 y - a +0 long sword of freezing
Missiles
 k - a bolt
Armour
 c - a +0 leather armour
 j - a +0 chain mail (worn)
 n - a +0 helmet (worn)
Jewellery
 h - a ring of see invisible (left hand)
 l - a ring of poison resistance (right hand)
 m - an uncursed ring of protection from fire
 p - an amulet of reflection (around neck)
Wands
 s - a wand of paralysis (5)
Scrolls
 d - a scroll of remove curse
 e - a scroll of teleportation
 o - a scroll of identify
 r - a scroll of enchant armour
 t - a scroll of blinking {unknown}
 w - a scroll of fear {unknown}
Potions
 f - 2 potions of mutation
 v - a potion of cancellation


   Skills:
 * Level 5.8 Fighting
 + Level 3.1 Long Blades
 + Level 2.3 Axes
 + Level 7.1 Crossbows
 + Level 3.5 Armour
 + Level 3.8 Dodging
 * Level 6.5 Stealth
 + Level 1.7 Shields
 * Level 1.7 Invocations


You had 8 spell levels left.
You didn't know any spells.
Your spell library was empty.

Dungeon Overview and Level Annotations

Branches:
Dungeon (6/15)             Temple (1/1) D:4

Altars:
Ashenzari
Cheibriados
Dithmenos
Elyvilon
Fedhas
Gozag
Hepliaklqana
Makhleb
Nemelex Xobeh
Okawaru
Qazlal
Ru
Sif Muna
Trog
Uskayaw
Vehumet
Wu Jian
Xom
Yredelemnul
Zin
The Shining One

Annotations:
D:6 Menkaure


Innate Abilities, Weirdness & Mutations

You are small and have problems with some larger weapons.
You are completely attuned to the shadows.


Message History

Menkaure is lightly damaged.
Menkaure misses you.
You hit Menkaure.
Menkaure is lightly damaged.
Menkaure hits you.
* * * LOW HITPOINT WARNING * * *
Menkaure hits you but does no damage.
You closely miss Menkaure.
Menkaure is lightly damaged.
Menkaure hits you.
* * * LOW HITPOINT WARNING * * *
You hit Menkaure.
Menkaure is moderately damaged.
Menkaure hits you!
* * * LOW HITPOINT WARNING * * *
You slash Menkaure!
Menkaure is severely damaged.
Menkaure casts a spell at you. Pain shoots through your body!
You die...

..# #.# #########
####.### #.......#
#......######.#####.#
#.##.#...........##.#
.#.##.########.##.##.#
......# #........
......# ######...
...)#@# #..# .....M#
#... .....$# #######
#... ......# #.....#
#..# .....# #.....#
#..# #(ZZ..####..#
#..<.....#...
#.....##.####
###....#.####


You could see Menkaure (fast).

Vanquished Creatures
  Edmund (D:5)
  2 ice beasts
  A phantom (D:5)
  A black bear (D:4)
  2 ogres
  2 bullfrogs (D:6)
  A water moccasin skeleton (D:6)
  2 scorpions
  A howler monkey (D:4)
  A bullfrog zombie (D:5)
  5 orc priests
  A hound (D:6)
  6 orc wizards
  A bullfrog skeleton (D:5)
  2 iguanas
  Natasha (thrice) (D:2)
  2 worker ants
  Robin (D:2)
  6 adders
  A gnoll (D:1)
  2 white imps
  2 oozes (D:3)
  4 worms
  2 dart slugs
  A leopard gecko (D:4)
  21 orcs
  5 giant cockroaches (D:1)
  12 goblins
  13 hobgoblins
  4 jackals (D:3)
  10 kobolds
  A quokka (D:6)
  A ball python (D:5)
  8 bats
  5 frilled lizards
  A giant cockroach zombie (D:5)
  2 leopard gecko skeletons (D:4)
  A leopard gecko zombie (D:5)
  A quokka skeleton (D:5)
  7 rats
145 creatures vanquished.

Vanquished Creatures (others)
  7 plants (D:5)
7 creatures vanquished.

Grand Total: 152 creatures vanquished

Notes
Turn   | Place    | Note
-------+----------+-------------------------------------------
     0 | D:1      | robertstho the Kobold Hunter began the quest for the Orb.
     0 | D:1      | Reached XP level 1. HP: 12/12 MP: 1/1
    99 | D:1      | Reached skill level 5 in Crossbows
    99 | D:1      | Reached XP level 2. HP: 12/18 MP: 2/2
   329 | D:1      | Reached XP level 3. HP: 22/22 MP: 3/3
  1112 | D:1      | Reached XP level 4. HP: 27/27 MP: 4/4
  1299 | D:2      | Noticed Natasha
  1304 | D:2      | Killed Natasha
  1557 | D:2      | Noticed Robin
  1569 | D:2      | Killed Robin
  1701 | D:2      | Reached XP level 5. HP: 28/32 MP: 5/5
  1826 | D:2      | Noticed Natasha
  1838 | D:2      | Killed Natasha
  1839 | D:2      | Reached skill level 6 in Crossbows
  2132 | D:2      | Noticed Natasha
  2135 | D:2      | Killed Natasha
  2317 | D:3      | Reached skill level 1 in Armour
  2397 | D:3      | Reached XP level 6. HP: 31/38 MP: 6/6
  2503 | D:3      | Found a faded altar of an unknown god.
  2799 | D:3      | Found a shimmering blue altar of Sif Muna.
  3325 | D:3      | Reached XP level 7. HP: 43/43 MP: 7/7
  3338 | D:3      | Reached skill level 1 in Long Blades
  3350 | D:3      | Reached skill level 7 in Crossbows
  4056 | D:3      | Found a burning altar of Makhleb.
  4757 | D:4      | Found a staircase to the Ecumenical Temple.
  4762 | Temple   | Entered the Ecumenical Temple
  5464 | D:4      | Reached skill level 5 in Stealth
  5464 | D:4      | Reached skill level 1 in Shields
  5464 | D:4      | Reached XP level 8. HP: 34/48 MP: 8/8
  5752 | D:4      | Found a blossoming altar of Fedhas.
  5839 | D:4      | Found an ornate altar of the Wu Jian Council.
  6253 | D:5      | Entered Level 5 of the Dungeon
  6359 | D:5      | Reached skill level 1 in Axes
  6561 | D:5      | Found a shadowy altar of Dithmenos.
  6795 | D:5      | Found an iron altar of Okawaru.
  6922 | D:5      | Reached skill level 5 in Fighting
  6947 | D:5      | Noticed Edmund
  6974 | D:5      | Killed Edmund
  7743 | D:5      | Became a worshipper of Warmaster Okawaru
  7776 | D:6      | Found a glowing silver altar of Zin.
  7813 | D:6      | Reached XP level 9. HP: 17/54 MP: 9/9
  7828 | D:6      | HP: 1/54 [bullfrog skeleton (5)]
  8311 | D:6      | Reached skill level 1 in Invocations
  8500 | D:6      | Noticed Menkaure
  8509 | D:6      | Reached * piety under Okawaru
  8517 | D:6      | HP: 2/55 [Menkaure (17)]
  8518 | D:6      | Killed from afar by Menkaure

Illustrated notes

Levels and vault maps discovered:
D:1:      psy_arrival_radial01, layout_loops_corners, grunt_decor_cap
D:2:      layout_basic, uniq_natasha, uniq_robin
D:3:      layout_loops_ring, lemuel_coloured_pillars_altar,
          chequers_ecumenical_altar_simple_redux, hangedman_glass_teeth,
          lemuel_tele_altar
D:4:      layout_basic, pdpol_wu_jian_five_deadly_venoms, fedhas_altar_1,
          minmay_temple_entry_wispy
D:5:      minmay_diamond_boxcup, layout_basic, nicolae_overflow_hidden_temple,
          kennysheep_little_box, serial_bayou, serial_bayou_lagoon_a,
          serial_bayou_pond_b, serial_bayou_shore_b, serial_bayou_ford_a,
          amcnicky_mini_rare_corridor_liquid, uniq_edmund
D:6:      layout_loops_cross, old_standard_altar, grunt_qazlal_sundering,
          uniq_pikel, uniq_menkaure, uniq_crazy_yiuf_cottage
Temple:   regret_index_temple_generic_petals

Skill      XL: |  1  2  3  4  5  6  7  8  9 |
---------------+----------------------------+-----
Crossbows      | 5 6 7 |  7.1
Stealth        | 2 3 5 6 |  6.5
Fighting       | 3 4 5 |  5.8
Armour         | 1 2 3 |  3.5
Dodging        | 3 |  3.8
Long Blades    | 2 3 |  3.1
Shields        | 1 |  1.7
Axes           | 1 2 |  2.3
Invocations    | 1 |  1.7

Action                   |  1- 3 |  4- 6 |  7- 9 || total
-------------------------+-------+-------+-------++-------
Melee: Long sword        |       |    82 |   183 ||   265
       Hand axe          |       |       |   220 ||   220
 Fire: Hand crossbow     |    66 |   105 |    18 ||   189
  Use: Scroll            |       |     6 |     7 ||    13
       Potion            |       |     1 |     8 ||     9
Armor: Leather armour    |     4 |       |       ||     4
       Chain mail        |       |    71 |   250 ||   321
       Skin              |       |       |     3 ||     3
Dodge: Dodged            |    19 |    46 |   145 ||   210
Block: Other             |       |    19 |   101 ||   120
       Rpst.: Long sword |       |     6 |    22 ||    28

Table legend: (Time is in decaauts)
 A = Elapsed time spent in this place.
 B = Non-inter-level travel time spent in this place.
 C = Inter-level travel time spent in this place.
 D = Time resting spent in this place.
 E = Time spent auto-exploring this place.
 F = Levels seen in this place.
 G = Mean time per level.
                   A        B        C        D        E       F      G
               +--------+--------+--------+--------+--------+-----+--------+
         Total |   8690 |   8422 |    268 |   1148 |   5885 |   7 | 1241.4 |
       Dungeon |   8404 |   8176 |    228 |   1148 |   5638 |   6 | 1400.7 |
        Temple |    286 |    247 |     39 |      0 |    247 |   1 |  286.0 |
               +--------+--------+--------+--------+--------+-----+--------+

Top non-repeatable levels by time:
     D:3: 2193 daAuts
     D:4: 1609 daAuts
     D:5: 1561 daAuts
     D:1: 1310 daAuts
     D:2: 946 daAuts
     D:6: 783 daAuts
  Temple: 286 daAuts
